 Dungeon Crawl Stone Soup version 0.19.1-1-g22dce08 (webtiles) character file.

973 dvd the Poker (level 8, 0/57 HPs)
             Began as a Merfolk Wizard on Dec 30, 2016.
             Slain by a wight
             ... wielding a +3 flail
              (1 damage)
             ... on level 5 of the Dungeon.
             The game lasted 00:24:11 (6977 turns).

dvd the Poker (Merfolk Wizard)                      Turns: 6977, Time: 00:24:12

Health: 0/57       AC:  3    Str: 10    XL:     8   Next: 16%
Magic:  8/15       EV: 13    Int: 17    God:
Gold:   263        SH:  0    Dex: 12    Spells: 5 memorised, 8 levels left

rFire  + . .     SeeInvis .     x - +0 halberd
rCold  . . .     Gourm    .     a - +0 robe
rNeg   . . .     Faith    .     (shield currently unavailable)
rPois  .         Spirit   .     i - +0 helmet
rElec  .         Reflect  .     (no cloak)
rCorr  .         Harm     .     (no gloves)
MR     .....                    (no boots)
Stlth  ++........               (no amulet)
                                (no ring)
                                p - ring of protection from fire

@: heavily drained
A: change form in water, swift swim, stealthy swim
a: no special abilities


You were on level 5 of the Dungeon.
You were hungry.

You visited 1 branch of the dungeon, and saw 5 of its levels.

You collected 263 gold pieces.

Inventory:

Hand Weapons
 f - a +2 dagger of protection
 k - a +0 spear
 w - a +2 dagger of draining
 x - a +0 halberd (weapon)
Missiles
 e - 5 javelins (quivered)
Armour
 a - a +0 robe (worn)
 b - a +0 hat
 i - a +0 helmet (worn)
Jewellery
 p - a ring of protection from fire (left hand)
 A - an uncursed ring of fire
Scrolls
 l - a scroll of random uselessness {unknown}
 m - a scroll of enchant armour {unknown}
 n - 2 scrolls of immolation {unknown}
 o - 5 scrolls of identify {unknown}
 q - a scroll of blinking {unknown}
 v - a scroll of teleportation {unknown}
 y - a scroll of remove curse {unknown}
 z - a scroll of magic mapping {unknown}
Potions
 g - 3 potions of curing
 h - a potion of agility {unknown}
 r - a potion of lignification {unknown}
 s - 2 potions of beneficial mutation {unknown}
 u - 2 potions of might {unknown}
 B - a potion of haste {unknown}
Books
 c - a book of Minor Magic

   Spells                             Type                      Level
   a - Magic Dart                     Conjuration                  1
   b - Blink                          Translocation                2
   c - Call Imp                       Summoning                    2
   d - Repel Missiles                 Charms/Air                   2
   e - Slow                           Hexes                        2
   f - Conjure Flame                  Conjuration/Fire             3
   g - Mephitic Cloud                 Conjuration/Poison/Air       3
Comestibles
 d - 5 bread rations
 j - a slice of pizza
 t - a meat ration


   Skills:
 + Level 2.8(1.3) Fighting
 + Level 2.2(0.7) Short Blades
 + Level 5.2(3.6) Polearms
 + Level 4.7(3.1) Dodging
 + Level 3.7(2.1) Stealth
 + Level 5.2(3.6) Spellcasting
 + Level 1.7(0.3) Conjurations
 + Level 0.2(0.0) Hexes
 + Level 0.2(0.0) Charms
 + Level 3.2(1.6) Summonings
 + Level 0.8(0.0) Translocations
 + Level 0.4(0.0) Air Magic


You had 8 spell levels left.
You knew the following spells:

 Your Spells              Type           Power        Failure   Level  Hunger
a - Magic Dart            Conj           #...         17%         1    None
b - Blink                 Tloc           N/A          30%         2    ##.....
c - Repel Missiles        Chrm/Air       #.....       30%         2    ##.....
d - Call Imp              Summ           #.......     14%         2    ##.....
e - Slow                  Hex            #.......     30%         2    ##.....


Dungeon Overview and Level Annotations

Branches:
Dungeon (5/15)
 Temple: D:4-7

Altars:
Ashenzari
Dithmenos
Kikubaaqudgha
Makhleb
Nemelex Xobeh
Zin
The Shining One

Shops:
D:4 }


Message History

Aim: a wight, wielding an enchanted long sword and wearing a robe (almost destroyed)
You reach to attack!
You slash the wight!
You destroy the wight!
Your crimson imp hits the wight but does no damage.
Attack whom?
Press: ? - help, Dir - move target cursor, f - wight
Aim: a wight, wielding an enchanted flail and wearing a robe (moderately damaged)
You reach to attack!
You barely miss the wight.
The wight is moderately damaged.
You slash the wight!
The wight is severely damaged.
The wight hits you with an enchanted flail!
* * * LOW HITPOINT WARNING * * *
You feel drained.
* * * LOW HITPOINT WARNING * * *
Your crimson imp barely misses the wight.
The wight hits you with an enchanted flail.
* * * LOW HITPOINT WARNING * * *
You feel drained.
You die...

.. #..(......#.........
...##.........#.........
.......).....##.........
#####..(.....##..#####..
###.#######..# ##. #5#
.# #. #5# #..# #. #z#
#..# #. #@# #..# #. #.#
#..# #. #.# #..######.
#.# #......... #(#
#.#######.
#.#######.#######.
#.................
#########.........
##########


You could see a wight and 2 friendly crimson imps.

Vanquished Creatures
  An ogre (D:4)
  2 scorpions (D:4)
  2 wights (D:5)
  A howler monkey (D:5)
  A crimson imp (D:5)
  An orc priest (D:3)
  2 hounds (D:5)
  Ijyb (D:3)
  A worker ant (D:4)
  A worker ant zombie (D:5)
  3 adders
  A gnoll (D:3)
  An ooze (D:3)
  3 worms
  A dart slug (D:1)
  A leopard gecko (D:2)
  7 orcs (D:3)
  2 ball pythons
  12 giant cockroaches
  4 goblins
  7 hobgoblins
  10 jackals
  4 bats
  5 frilled lizards
  8 kobolds
  A quokka zombie (D:5)
  15 rats
98 creatures vanquished.

Vanquished Creatures (collateral kills)
  A steam dragon (D:5)
  A sky beast (D:5)
  2 ogres
  A hound (D:4)
  An orc priest (D:3)
  An orc wizard (D:3)
  A worker ant (D:4)
  2 gnolls (D:3)
  An adder (D:2)
  A worm (D:4)
  A leopard gecko (D:5)
  An orc (D:3)
  5 jackals
  A ball python (D:3)
  A bat (D:3)
  A goblin (D:3)
  A kobold (D:3)
23 creatures vanquished.

Vanquished Creatures (others)
  4 toadstools (D:1)
4 creatures vanquished.

Grand Total: 125 creatures vanquished

Notes
Turn   | Place    | Note
-------+----------+-------------------------------------------
     0 | D:1      | dvd the Merfolk Wizard began the quest for the Orb.
     0 | D:1      | Reached XP level 1. HP: 13/13 MP: 4/4
   269 | D:1      | Reached XP level 2. HP: 19/19 MP: 1/6
   307 | D:1      | Learned a level 2 spell: Blink
   310 | D:1      | Learned a level 2 spell: Repel Missiles
   523 | D:1      | Reached skill level 1 in Conjurations
   636 | D:1      | Reached XP level 3. HP: 18/24 MP: 0/7
   868 | D:1      | Learned a level 2 spell: Call Imp
   938 | D:1      | Reached skill level 1 in Short Blades
  1440 | D:2      | Found a faded altar of an unknown god.
  1476 | D:2      | Reached XP level 4. HP: 31/31 MP: 9/9
  1580 | D:2      | Learned a level 2 spell: Slow
  2381 | D:3      | Noticed Ijyb
  2415 | D:3      | Killed Ijyb
  2415 | D:3      | Reached skill level 1 in Fighting
  2655 | D:3      | Reached XP level 5. HP: 21/37 MP: 2/10
  2817 | D:3      | Found a burning altar of Makhleb.
  2817 | D:3      | Noticed a balrug
  2828 | D:3      | Reached skill level 1 in Polearms
  3172 | D:3      | Found a glowing silver altar of Zin.
  3632 | D:3      | Reached XP level 6. HP: 35/43 MP: 3/12
  3663 | D:3      | Found a shattered altar of Ashenzari.
  4362 | D:4      | Found a glowing golden altar of the Shining One.
  4363 | D:4      | Found an ancient bone altar of Kikubaaqudgha.
  4363 | D:4      | Found a sparkling altar of Nemelex Xobeh.
  4549 | D:4      | Found Luef's Gadget Shop.
  4556 | D:4      | Found a shadowy altar of Dithmenos.
  4599 | D:4      | HP: 2/44 [worker ant (4)]
  5041 | D:4      | Reached XP level 7. HP: 16/49 MP: 5/13
  5465 | D:5      | Entered Level 5 of the Dungeon
  5492 | D:5      | Noticed a steam dragon
  6025 | D:5      | Killed a steam dragon
  6025 | D:5      | Reached skill level 5 in Spellcasting
  6348 | D:5      | Reached skill level 5 in Polearms
  6348 | D:5      | Reached XP level 8. HP: 22/57 MP: 10/15
  6977 | D:5      | HP: 1/57 [wight/enchanted flail (5)]
  6977 | D:5      | Slain by a wight

Skill      XL: |  1  2  3  4  5  6  7  8 |
---------------+-------------------------+-----
Dodging        | 3 4 |  4.7
Conjurations   | 1 |  1.7
Short Blades   | 1 2 |  2.2
Fighting       | 1 2 |  2.8
Stealth        | 3 |  3.7
Polearms       | 1 3 5 |  5.2
Spellcasting   | 4 5 |  5.2
Summonings     | 2 3 |  3.2
Hexes          | |  0.2
Charms         | |  0.2
Translocations | |  0.8
Air Magic      | |  0.4

Action                   |  1- 3 |  4- 6 |  7- 9 || total
-------------------------+-------+-------+-------++-------
Melee: Dagger            |    89 |       |    51 ||   140
       Spear             |    32 |   100 |       ||   132
       Halberd           |       |    98 |   124 ||   222
Throw: Javelin           |     1 |       |       ||     1
 Cast: Magic Dart        |    57 |    67 |    26 ||   150
       Repel Missiles    |     1 |     2 |       ||     3
       Call Imp          |       |    23 |    23 ||    46
       Slow              |       |     2 |     2 ||     4
       Blink             |       |     1 |       ||     1
  Use: Potion            |       |     1 |       ||     1
 Stab: Sleeping          |     3 |     6 |     2 ||    11
       Distracted        |       |       |     2 ||     2
  Eat: Chunk             |     2 |    11 |     5 ||    18
       Beef jerky        |       |     1 |       ||     1
       Pizza             |       |       |     1 ||     1
Armor: Robe              |    41 |    36 |    31 ||   108
Dodge: Dodged            |    85 |   140 |   124 ||   349
       Deflected         |     1 |     2 |     4 ||     7
